 Dungeon Crawl Stone Soup version 0.19.1-1-g22dce08 (webtiles) character file.

447 ponk the Slasher (level 6, 0/47 HPs)
             Began as a Demonspawn Abyssal Knight on Jan 19, 2017.
             Was a Believer of Lugonu.
             Slain by Pikel
             ... wielding a +1 whip of electrocution
              (14 damage)
             ... on level 4 of the Dungeon.
             The game lasted 00:10:15 (3375 turns).

ponk the Slasher (Demonspawn Abyssal Knight)        Turns: 3375, Time: 00:10:15

Health: 0/47       AC: 14    Str: 13    XL:     6   Next: 73%
Magic:  7/7        EV:  5    Int: 13    God:    Lugonu [**....]
Gold:   117        SH:  0    Dex: 14    Spells: 0 memorised, 5 levels left

rFire  x . .     SeeInvis .     a - +1 falchion
rCold  + . .     Gourm    .     l - +0 chain mail
rNeg   . . .     Faith    .     (no shield)
rPois  .         Spirit   .     (helmet restricted)
rElec  .         Reflect  .     z - +2 cloak
rCorr  .         Harm     .     (no gloves)
MR     .....                    x - +0 pair of boots
Stlth  ..........               (no amulet)
                                (no ring)
                                u - ring of ice

@: drained
A: hooves 1, horns 1, thin metallic scales 1, nightstalker 1
a: Depart the Abyss, Bend Space, Renounce Religion


You were on level 4 of the Dungeon.
You worshipped Lugonu.
Lugonu was pleased with you.
You were not hungry.

You visited 1 branch of the dungeon, and saw 4 of its levels.
You visited the Abyss 1 time.

You collected 117 gold pieces.

Inventory:

Hand Weapons
 a - a +1 falchion (weapon)
Missiles
 w - a throwing net (quivered)
Armour
 l - a +0 chain mail (worn)
 x - a +0 pair of boots (worn)
 z - a +2 cloak (worn)
Jewellery
 u - a ring of ice (left hand)
Scrolls
 g - a scroll of enchant weapon {unknown}
 i - a scroll of enchant armour {unknown}
 j - a scroll of immolation {unknown}
 n - 2 scrolls of magic mapping {unknown}
 o - 2 scrolls of recharging {unknown}
 p - a scroll of remove curse
Potions
 b - a potion of brilliance
 d - a potion of resistance
 e - a potion of haste
 k - a potion of might
 q - a potion of cancellation
 r - a potion of invisibility {unknown}
 s - a potion of curing
 t - 2 potions of heal wounds {unknown}
 v - 2 potions of degeneration {unknown}
Comestibles
 c - 6 bread rations
 h - 2 beef jerkies
 m - 2 meat rations


   Skills:
 - Level 3.2(2.7) Fighting
 + Level 6.5(5.9) Long Blades
 - Level 1.9(1.4) Armour
 - Level 0.8(0.4) Dodging
 - Level 2.5(2.0) Invocations


You had 5 spell levels left.
You didn't know any spells.

Dungeon Overview and Level Annotations

Branches:
Dungeon (4/15)
 Temple: D:4-7

Altars:
Dithmenos
Hepliaklqana
Nemelex Xobeh
Okawaru
Xom

Annotations:
D:4 Pikel, Robin


Innate Abilities, Weirdness & Mutations

You have large cloven feet.
You are partially covered in thin metallic scales. (AC +2)
You are slightly more attuned to the shadows.
You have a pair of small horns on your head.


Message History

The slave is heavily wounded.
The slave hits you but does no damage.
You closely miss the slave.
The slave is heavily wounded.
The slave barely misses you.
You barely miss the slave.
The slave is heavily wounded.
The slave hits you but does no damage.
You hit the slave but do no damage.
The slave is heavily wounded.
The slave shouts!
You hit Pikel but do no damage. You hit Pikel.
Pikel is lightly wounded.
Pikel hits you but does no damage.
You are electrocuted!
The slave hits you.
* * * LOW HITPOINT WARNING * * *
You hit Pikel. You headbutt Pikel.
Pikel is heavily wounded.
Pikel hits you but does no damage.
You are electrocuted!
You die...

###).## ####
###...## #
#..#...### #.
##.......##
#.##.........##
.............#
#........>..####
#....p.........##
#...@K...p......#.
#.#..p#.p.........
#
#.####...........
...# #...........
##.## #...........
.. #.........#.
... #...........
#....(....#
#.........#


You could see Pikel and 4 slaves.

Vanquished Creatures
  Sigmund (D:3)
  Crazy Yiuf (D:3)
  An iguana (D:4)
  An orc wizard (D:3)
  A worker ant (D:4)
  10 gnolls
  An adder (D:3)
  An ooze (D:1)
  2 dart slugs
  3 worms
  A leopard gecko (D:3)
  3 orcs (D:3)
  3 ball pythons
  4 bats
  3 giant cockroaches
  5 goblins
  12 hobgoblins
  2 jackals (D:3)
  A quokka (D:2)
  4 frilled lizards
  6 kobolds
  2 rats
68 creatures vanquished.

Notes
Turn   | Place    | Note
-------+----------+-------------------------------------------
     0 | Abyss:1  | ponk the Demonspawn Abyssal Knight began the quest for the Orb.
     0 | Abyss:1  | Reached XP level 1. HP: 18/18 MP: 2/2
    48 | Abyss:1  | Noticed an iron imp
    50 | Abyss:1  | Noticed a smoke demon
    52 | D:1      | Escaped the Abyss
    52 | D:1      | Noticed a dwarf
    52 | D:1      | Noticed a dwarf
    53 | D:1      | Noticed a human
    72 | D:1      | Noticed a gargoyle
    76 | D:1      | Noticed a formicid
    78 | D:1      | Noticed a minotaur zombie
    78 | D:1      | Noticed a minotaur
   520 | D:1      | Reached skill level 2 in Long Blades
   520 | D:1      | Gained mutation: You are partially covered in thin metallic scales. (AC +2) [demonic ancestry]
   520 | D:1      | Reached XP level 2. HP: 24/24 MP: 3/3
   927 | D:2      | Found a shadowy altar of Dithmenos.
   927 | D:2      | Found a hazy altar of Hepliaklqana.
  1018 | D:2      | Found an iron altar of Okawaru.
  1036 | D:2      | Reached * piety under Lugonu
  1154 | D:2      | Reached XP level 3. HP: 27/29 MP: 4/4
  1251 | D:2      | Found a shimmering altar of Xom.
  1271 | D:2      | Found a shimmering altar of Xom.
  1273 | D:2      | Found a shimmering altar of Xom.
  1273 | D:2      | Found a shimmering altar of Xom.
  1356 | D:2      | Gained mutation: You have a pair of small horns on your head. [potion of beneficial mutation]
  1376 | D:2      | Reached skill level 3 in Long Blades
  1900 | D:3      | Reached XP level 4. HP: 35/35 MP: 5/5
  2084 | D:3      | Reached skill level 4 in Long Blades
  2110 | D:3      | Noticed Sigmund
  2156 | D:3      | Killed Sigmund
  2156 | D:3      | Reached ** piety under Lugonu
  2156 | D:3      | Reached skill level 5 in Long Blades
  2156 | D:3      | Gained mutation: You have large cloven feet. [demonic ancestry]
  2156 | D:3      | Reached XP level 5. HP: 29/41 MP: 6/6
  2197 | D:3      | Gained mutation: You are slightly more attuned to the shadows. [demonic ancestry]
  2197 | D:3      | Reached XP level 6. HP: 31/47 MP: 7/7
  2628 | D:3      | Found a runed door.
  2693 | D:3      | Noticed Crazy Yiuf
  2706 | D:3      | Killed Crazy Yiuf
  2706 | D:3      | Reached skill level 6 in Long Blades
  2922 | D:4      | Noticed Pikel
  2922 | D:4      | Noticed a slave
  2922 | D:4      | Noticed a slave
  2922 | D:4      | Noticed a slave
  2924 | D:4      | Noticed Robin
  2924 | D:4      | Noticed a slave
  3089 | D:4      | Found a sparkling altar of Nemelex Xobeh.
  3375 | D:4      | Slain by Pikel

Skill      XL: |  1  2  3  4  5  6 |
---------------+-------------------+-----
Long Blades    | 2 3 5 6 |  6.5
Fighting       | |  3.2
Armour         | |  1.9
Dodging        | |  0.8
Invocations    | |  2.5

Action                   |  1- 3 |  4- 6 || total
-------------------------+-------+-------++-------
Melee: Falchion          |   130 |   157 ||   287
       Headbutt          |     6 |    31 ||    37
Invok: Depart the Abyss  |     1 |       ||     1
  Use: Scroll            |     6 |     2 ||     8
       Potion            |     1 |     4 ||     5
  Eat: Chunk             |     3 |     5 ||     8
Armor: Chain mail        |    94 |    95 ||   189
       Leather armour    |     4 |       ||     4
Dodge: Dodged            |    39 |    44 ||    83
       Rpst.: Falchion   |    10 |    18 ||    28
